 Dungeon Crawl Stone Soup version 0.26.0-15-gc6cd9f7 (webtiles) character file.

Game seed: 4487774126052730826

176 skewfiend the Vexing (level 5, -3/39 HPs)
             Began as a Formicid Arcane Marksman on Jan 17, 2021.
             Was an Initiate of Okawaru.
             Killed from afar by an orc wizard (10 damage)
             ... with a puff of frost
             ... on level 3 of the Dungeon.
             The game lasted 00:20:35 (4573 turns).

skewfiend the Vexing (Formicid Arcane Marksman)     Turns: 4573, Time: 00:20:36

Health: -3/39      AC:  3    Str: 12 (15) XL:     5   Next: 86%
Magic:  1/8        EV: 12    Int: 12 (13) God:    Okawaru [......]
Gold:   139        SH:  0    Dex:  8 (11) Spells: 5/8 levels left

rFire    . . .     SeeInvis +   a - +0 hunting sling
rCold    . . .     Faith    .   (no shield)
rNeg     . . .     Spirit   .   e - +0 robe
rPois    .         Reflect  .   (helmet unavailable)
rElec    .         Harm     .   (no cloak)
rCorr    .         Rampage  .   (no gloves)
Will     .....     Clarity  +   (no boots)
Stlth    +.........             (no amulet)
HPRegen  0.13/turn              (no ring)
MPRegen  0.11/turn              (no ring)

@: no status effects
A: permanent stasis, dig shafts and tunnels, four strong arms, antennae 3,
iridescent scales 1, clarity, deformed body
a: Dig, Shaft Self, Renounce Religion


You were on level 3 of the Dungeon.
You worshipped Okawaru.
Okawaru was noncommittal.
You visited 1 branch of the dungeon, and saw 4 of its levels.

You collected 139 gold pieces.

Inventory:

Hand Weapons
 a - a +0 hunting sling (weapon)
 b - a +0 dagger of venom
Missiles
 d - 20 sling bullets
 k - 81 stones (quivered ammo)
Armour
 e - a +0 robe (worn)
 g - a +0 chain mail
 j - a +0 leather armour
 t - a +0 tower shield
 w - a +0 ring mail
Wands
 p - a wand of polymorph (6)
 q - a wand of random effects (12)
Scrolls
 h - a scroll of identify {unknown}
 m - a scroll of magic mapping {unknown}
 n - a scroll of teleportation {unknown}
 o - 3 scrolls of remove curse {unknown}
 r - a scroll of fear {unknown}
 s - a scroll of blinking {unknown}
 x - a scroll of amnesia {unknown}
Potions
 i - a potion of degeneration
 l - a potion of lignification {unknown}
 u - a potion of invisibility {unknown}
 v - a potion of heal wounds {unknown}
 z - a potion of might {unknown}


   Skills:
 + Level 2.4 Fighting
 - Level 2.1(3.0) Slings
 * Level 2.8(3.1) Throwing
 - Level 1.7 Dodging
 + Level 2.2 Spellcasting
 * Level 5.1 Hexes


You had 5 spell levels left.
You knew the following spells:

 Your Spells              Type           Power        Failure   Level
a - Corona                Hex            14%          3%          1
b - Slow                  Hex            13%          4%          2

Your spell library contained the following spells:

 Spells                   Type           Power        Failure   Level
 Inner Flame              Hex/Fire       7%           28%         3
 Portal Projectile        Hex/Tloc       14%          28%         3
 Cause Fear               Hex            6%           32%         4
 Leda's Liquefaction      Hex/Erth       3%           67%         4


Dungeon Overview and Level Annotations

Branches:
Dungeon (4/15)
 Temple: D:4-7

Altars:
Okawaru


Innate Abilities, Weirdness & Mutations

You cannot be hasted, slowed, berserked, paralysed or teleported.
You can dig through walls and to a lower floor.
Your four strong arms can wield two-handed weapons with a shield.
You have a pair of large antennae on your head. (SInv)
You are partially covered in iridescent scales. (AC +2)
You possess an exceptional clarity of mind.
Armour fits poorly on your strangely shaped body.


Message History

Press: ? - help, Shift-Dir - straight line, f/p - orc wizard
Aim: an orc wizard, wielding a +0 scythe and wearing a +0 robe (severely wounded, fast, slightly transparent, slow)
You shoot a sling bullet.
The sling bullet hits the orc wizard but does no damage.
The orc wizard is severely wounded.
It was a potion of degeneration.
There was something very wrong with that liquid.
You feel weakened.
You feel dopey.
You feel clumsy.
The orc wizard hits you from afar with a +0 scythe!
* * * LOW HITPOINT WARNING * * *
The orc wizard is no longer moving slowly.
It was a potion of curing.
You feel better.
The orc wizard hits you from afar with a +0 scythe.
* * * LOW HITPOINT WARNING * * *
It was a potion of mutation.
You feel extremely strange.
Your thoughts seem clearer.
Your body twists and deforms.
Iridescent scales grow over part of your body.
The orc wizard points at you and mumbles some strange words.
The puff of frost hits you!
You die...

#{ ..
{{{g#
#.#.######
{ .# #.
#()o..(#
.#.
######(#
#.# #.#
#.# #(#
#.# #o#
#.# #.#
#.# #@#
#.# #.#
#.#
#.#######
#.#
#.......#
#.#
#######.#
#.# #.#
#.# #.#
#.# #.#
#.# #.#


You could see an orc wizard (fast, invisible).

Vanquished Creatures
  An orc priest (D:3)
  Jessica (D:2)
  7 gnolls
  An adder (D:2)
  An ooze (D:1)
  A dart slug (D:1)
  2 leopard geckos (D:1)
  3 giant cockroaches
  7 goblins
  4 hobgoblins
  A kobold (D:1)
  5 bats
  4 frilled lizards
  6 rats
44 creatures vanquished.

Notes
Turn   | Place    | Note
-------+----------+-------------------------------------------
     0 | D:1      | skewfiend the Formicid Arcane Marksman began the quest for
                  | the Orb.
     0 | D:1      | Reached XP level 1. HP: 15/15 MP: 2/2
   441 | D:1      | Reached XP level 2. HP: 21/21 MP: 1/3
   611 | D:1      | HP: 1/21 [leopard gecko (5)]
   926 | D:1      | Reached skill level 1 in Throwing
   926 | D:1      | Reached skill level 4 in Hexes
  1244 | D:1      | Reached XP level 3. HP: 26/26 MP: 3/5
  1290 | D:1      | Learned a level 2 spell: Slow
  2125 | D:2      | HP: 1/26 [gnoll/+0 halberd (9)]
  2433 | D:2      | Reached XP level 4. HP: 27/33 MP: 1/6
  2786 | D:2      | Noticed Jessica
  2892 | D:2      | Killed Jessica
  3197 | D:2      | Reached XP level 5. HP: 24/38 MP: 1/8
  3952 | D:3      | Found an iron altar of Okawaru.
  3953 | D:3      | You fall into a shaft and drop 1 floor!
  4025 | D:3      | Became a worshipper of Warmaster Okawaru
  4549 | D:3      | Reached skill level 5 in Hexes
  4570 | D:3      | HP: 1/39 [orc wizard/+0 scythe (8)]
  4573 | D:3      | Gained mutation: You possess an exceptional clarity of
                  | mind. [potion of mutation]
  4573 | D:3      | Gained mutation: Armour fits poorly on your strangely
                  | shaped body. [potion of mutation]
  4573 | D:3      | Gained mutation: You are partially covered in iridescent
                  | scales. (AC +2) [potion of mutation]
  4573 | D:3      | Killed from afar by an orc wizard

Illustrated notes

Levels and vault maps discovered:
D:1:      giann_wishing_wells, layout_basic
D:2:      layout_basic, uniq_jessica
D:3:      layout_loops_ring, lemuel_crystal_altar, minmay_diced_spiral,
          uniq_crazy_yiuf_cottage, uniq_terence, uniq_sigmund
D:4:      layout_layer_cave, gammafunk_temple_overflow_wave,
          minmay_temple_entry_glassed_door, serial_shops, shop, minivault_14,
          chequers_serial_rivers_room_a, uniq_menkaure

Skill      XL: |  1  2  3  4  5 |
---------------+----------------+-----
Throwing       | 1 2 |  2.8
Hexes          | 4 5 |  5.1
Fighting       | 2 |  2.4
Spellcasting   | 2 |  2.2
Slings         | |  2.1
Dodging        | |  1.7

Action                   |  1- 3 |  4- 6 || total
-------------------------+-------+-------++-------
Melee: Dagger            |    77 |    11 ||    88
       Unarmed           |     4 |       ||     4
 Fire: Hunting sling     |    36 |    73 ||   109
Throw: Stone             |     5 |       ||     5
 Cast: Corona            |    32 |    24 ||    56
       Slow              |     8 |    22 ||    30
  Use: Potion            |       |     3 ||     3
Armor: Robe              |    17 |     1 ||    18
Dodge: Dodged            |    49 |    21 ||    70
